Nashville Predators vs St.Louis Blues
Created - Sunday, October 29, 2023 at 08:16
Goals
|
| Nashville Predators |
0 |
1 |
2 |
0 |
2 |
4 |
| St.Louis Blues |
1 |
0 |
2 |
0 |
0 |
3 |
|
Shots
|
| Nashville Predators |
8 |
10 |
9 |
0 |
2 |
27 |
| St.Louis Blues |
20 |
5 |
7 |
1 |
2 |
33 |
|
1st period
1. St.Louis Blues , Nico Sturm 10 (Elias Pettersson 39, Tage Thompson 17) at 9:48 (PP)
Penalties :
Mikhail Sergachev (STL) for Hooking (Minor) at 0:41, Yanni Gourde (STL) for Hooking (Minor) at 6:57, Patrick Maroon (NSH) for Hooking (Minor) at 9:07, Tage Thompson (STL) for Tripping (Minor) at 12:25, Ethan Bear (NSH) for Roughing (Minor) at 12:29
2nd period
2. Nashville Predators , Corey Perry 9 (Michael Carcone 7, Alex Newhook 11) at 14:18
Penalties :
Ethan Bear (NSH) for High sticking (Minor) at 11:50, Mark Stone (STL) for Roughing (Minor) at 15:51, Yanni Gourde (STL) for Slashing (Double Minor) at 19:55
3rd period
3. Nashville Predators , Alex Newhook 10 (Blake Wheeler 22) at 5:15
4. St.Louis Blues , Nico Sturm 11 (Andrew Copp 13) at 5:54
5. St.Louis Blues , Andrew Copp 5 (Lawson Crouse 10, Robert Thomas 23) at 16:18 (PP)
6. Nashville Predators , Riley Nash 15 (Cale Makar 36, Rasmus Ristolainen 14) at 18:15
Penalties :
Blake Wheeler (NSH) for Holding (Minor) at 7:51, Adam Pelech (STL) for Boarding (Minor) at 10:01, Kevin Labanc (NSH) for Hooking (Minor) at 15:32, Riley Nash (NSH) for Interference (Minor) at 16:03, Patrick Maroon (NSH) for Tripping (Minor) at 18:39
Overtime #1
No Goal
Penalties :
No Penalty
Shootout
Nashville Predators, Blake Wheeler - Goal!
St.Louis Blues, Elias Pettersson - Stopped by Adin Hill
Nashville Predators, Corey Perry - Goal!
St.Louis Blues, Tage Thompson - Stopped by Adin Hill
Penalties :
No Penalty
Goalie Stats
Adin Hill (NSH), 30 saves from 33 shots - (0.909), W, 18-13-3, 65:00 minutes
Scott Wedgewood (STL), 24 saves from 27 shots - (0.889), OTL, 6-5-4, 65:00 minutes
Players Stats for Nashville Predators
Player Name G A P +/- PIM S H SB GA TA FO MP PP MP PK MP
------------------------------------------------------------------------------------
Alex Newhook 1 1 2 3 0 1 0 0 2 0 0/0 11:11 0:45 0:29
Alexander Alexeyev 0 0 0 -1 0 0 0 1 0 0 0/0 24:21 5:36 4:23
Blake Wheeler 0 1 1 0 2 2 1 2 0 2 4/9 19:42 5:38 0:44
Brett Leason 0 0 0 0 0 2 1 1 0 0 0/3 13:03 0:52 3:34
Cale Makar 0 1 1 1 0 6 3 4 1 0 0/0 27:36 5:52 5:22
Corey Perry 1 0 1 2 0 2 1 0 0 1 0/0 14:59 5:39 0:00
Ethan Bear 0 0 0 -1 4 0 1 0 2 0 0/0 22:11 5:35 3:00
Justin Braun 0 0 0 2 0 0 0 0 0 1 0/0 13:28 0:31 0:00
Kevin Labanc 0 0 0 0 2 1 1 1 0 0 0/0 18:43 5:39 0:00
Michael Carcone 0 1 1 2 0 0 0 0 0 0 4/8 11:52 0:00 0:00
Nate Schmidt 0 0 0 1 0 0 0 1 0 1 0/0 16:01 0:31 0:50
Patrick Maroon 0 0 0 1 4 0 1 0 1 0 0/0 9:36 0:39 0:25
Rasmus Ristolainen 0 1 1 2 0 4 2 1 0 0 0/0 26:55 5:52 4:49
Riley Nash 1 0 1 0 2 3 2 0 1 0 4/10 18:53 5:35 3:43
Ryan Carpenter 0 0 0 0 0 1 0 0 0 0 4/11 12:29 0:00 4:00
Sam Gagner 0 0 0 -1 0 3 2 0 0 0 0/1 14:56 5:35 0:00
Thomas Novak 0 0 0 0 0 2 1 0 1 1 8/19 19:13 5:35 0:00
Zemgus Girgensons 0 0 0 -1 0 0 1 0 0 0 0/1 13:22 0:00 4:34
Players Stats for St.Louis Blues
Player Name G A P +/- PIM S H SB GA TA FO MP PP MP PK MP
------------------------------------------------------------------------------------
Adam Pelech 0 0 0 0 2 1 5 0 0 1 0/0 20:07 0:04 4:27
Alex Pietrangelo 0 0 0 -1 0 0 3 1 1 2 0/0 21:07 4:19 1:37
Alex Tuch 0 0 0 -1 0 5 2 0 1 2 0/1 19:57 4:18 0:00
Andrew Copp 1 1 2 1 0 3 0 2 2 0 5/8 14:11 4:05 5:27
Colton Parayko 0 0 0 0 0 2 1 2 0 0 0/0 26:02 0:00 6:47
Elias Pettersson 0 1 1 -2 0 3 2 0 0 2 10/17 22:05 4:24 2:23
Evander Kane 0 0 0 -1 0 0 2 0 0 0 0/0 9:12 0:00 0:00
Jack Eichel 0 0 0 -1 0 4 0 0 0 0 8/11 12:09 0:12 0:09
Jake Sanderson 0 0 0 0 0 0 2 3 1 1 0/0 24:43 0:00 6:26
Lawson Crouse 0 1 1 -1 0 1 2 2 0 0 0/1 22:24 4:05 6:00
Mark Stone 0 0 0 -2 2 1 1 0 0 0 1/2 15:33 4:15 0:00
Mikhail Sergachev 0 0 0 -1 2 1 0 2 0 0 0/0 26:13 4:14 3:34
Nick Leddy 0 0 0 0 0 0 0 2 0 0 0/0 2:24 0:00 1:07
Nico Sturm 2 0 2 0 0 7 3 1 0 0 5/8 16:38 4:24 5:36
Robert Thomas 0 1 1 0 0 2 0 0 0 0 8/13 16:56 3:57 0:55
Sean Kuraly 0 0 0 1 0 0 0 0 0 0 1/1 4:57 0:00 0:35
Tage Thompson 0 1 1 -1 2 2 1 0 0 0 0/0 18:44 4:28 0:00
Yanni Gourde 0 0 0 -1 6 1 3 0 1 0 0/0 12:38 0:00 2:53
3 Stars
1 - Alex Newhook (NSH)
2 - Nico Sturm (STL)
3 - Andrew Copp (STL)
Power Play
Nashville Predators - 0 on 7 Attempt(s) - 0.00%
St.Louis Blues - 2 on 7 Attempt(s) - 28.57%
Penalty Kill
Nashville Predators - 5 on 7 Attempt(s) - 71.43%
- Score 0 goal in Penalty Kill
St.Louis Blues - 7 on 7 Attempt(s) - 100.00%
- Score 0 goal in Penalty Kill
Team Stat
Nashville Predators - Hits : 17 - Faceoff Wins : 24 - Blocked Shots : 11 - Penalty Minutes : 14
St.Louis Blues - Hits : 27 - Faceoff Wins : 38 - Blocked Shots : 15 - Penalty Minutes : 14
Official
Referees : Ian Walsh and Chris Rooney
Linesman : Darren Gibbs and Matt MacPherson
Game Notes
Nick Leddy is injured at 6:48 of 1st period (Sprained Right Knee)
Riley Nash is injured at 0:19 of 1st overtime period (Left Hip)
Finance
Level 1 -- Attendance: 4846 (80.77%) -- Ticket Income $470,062
Level 2 -- Attendance: 4712 (94.24%) -- Ticket Income $268,584
Level 3 -- Attendance: 2630 (87.67%) -- Ticket Income $89,420
Level 4 -- Attendance: 4385 (87.70%) -- Ticket Income $100,855
Luxury Box -- Attendance: 882 (88.20%) -- Ticket Income $171,108
Game was played at the Scottrade Center.
Total Attendance: 17455 (87.28%)
Total Ticket Income: $1,100,029
Other Income: $385,010
Total Income: $1,485,039
Nashville Predators
5 vs 5 Forward
Center Left Wing Right Wing Time % Phy DF OF
1 Thomas Novak Kevin Labanc Blake Wheeler 30 1 2 2
2 Michael Carcone Alex Newhook Corey Perry 30 1 2 2
3 Riley Nash Zemgus Girgensons Sam Gagner 25 1 2 2
4 Ryan Carpenter Patrick Maroon Brett Leason 15 1 2 2
5 vs 5 Defense
Defense Defense Time % Phy DF OF
1 Cale Makar Rasmus Ristolainen 35 1 2 2
2 Nate Schmidt Justin Braun 35 1 2 2
3 Alexander Alexeyev Ethan Bear 30 1 2 2
4 Cale Makar Nate Schmidt 0 1 2 2
PowerPlay Forward
Center Left Wing Right Wing Time % Phy DF OF
1 Blake Wheeler Kevin Labanc Corey Perry 50 1 2 2
2 Thomas Novak Riley Nash Sam Gagner 50 1 2 2
PowerPlay Defense
Defense Defense Time % Phy DF OF
1 Cale Makar Rasmus Ristolainen 50 1 2 2
2 Alexander Alexeyev Ethan Bear 50 1 2 2
Penalty Kill 4 Players Forward
Center Wing Time % Phy DF OF
1 Riley Nash Zemgus Girgensons 50 1 2 2
2 Ryan Carpenter Brett Leason 50 1 2 2
Penalty Kill 4 Players Defense
Defense Defense Time % Phy DF OF
1 Cale Makar Rasmus Ristolainen 50 1 2 2
2 Ethan Bear Alexander Alexeyev 50 1 2 2
Penalty Kill - 3 Players Forward
Forward Time % Phy DF OF
1 Riley Nash 50 1 2 2
2 Ryan Carpenter 50 1 2 2
Penalty Kill - 3 Players Defense
Defense Defense Time % Phy DF OF
1 Cale Makar Rasmus Ristolainen 50 1 2 2
2 Alexander Alexeyev Ethan Bear 50 1 2 2
4 vs 4 Forward
Center Wing Time % Phy DF OF
1 Thomas Novak Blake Wheeler 50 1 2 2
2 Michael Carcone Kevin Labanc 50 1 2 2
4 vs 4 Defense
Defense Defense Time % Phy DF OF
1 Rasmus Ristolainen Cale Makar 50 1 2 2
2 Ethan Bear Alexander Alexeyev 50 1 2 2
Last Minutes Offensive
Center Left Wing Right Wing Defense Defense
Blake Wheeler Kevin Labanc Corey Perry Rasmus Ristolainen Nate Schmidt
Last Minutes Defensive
Center Left Wing Right Wing Defense Defense
Blake Wheeler Kevin Labanc Corey Perry Rasmus Ristolainen Nate Schmidt
Goaltenders
Starting : Adin Hill
Backup : Kevin Lankinen
Extra Forwards
Normal : Brett Leason, Alex Newhook, Zemgus Girgensons - PP : Brett Leason, Alex Newhook - PK : Zemgus Girgensons
Extra Defensemen
Normal : Alexander Alexeyev, Cale Makar, Nate Schmidt - PP : Alexander Alexeyev - PK : Ethan Bear, Nate Schmidt
Penalty Shots
Blake Wheeler, Corey Perry, Thomas Novak, Kevin Labanc, Riley Nash
St.Louis Blues
5 vs 5 Forward
Center Left Wing Right Wing Time % Phy DF OF
1 Elias Pettersson Alex Tuch Tage Thompson 35 0 1 4
2 Jack Eichel Mark Stone Lawson Crouse 30 1 1 3
3 Robert Thomas Evander Kane Yanni Gourde 25 1 2 2
4 Nico Sturm Andrew Copp Sean Kuraly 10 1 3 1
5 vs 5 Defense
Defense Defense Time % Phy DF OF
1 Jake Sanderson Alex Pietrangelo 35 1 2 2
2 Mikhail Sergachev Colton Parayko 33 1 2 2
3 Nick Leddy Adam Pelech 32 1 2 2
4 Jake Sanderson Alex Pietrangelo 0 1 2 2
PowerPlay Forward
Center Left Wing Right Wing Time % Phy DF OF
1 Elias Pettersson Nico Sturm Tage Thompson 50 0 1 4
2 Robert Thomas Lawson Crouse Andrew Copp 50 0 1 4
PowerPlay Defense
Defense Defense Time % Phy DF OF
1 Alex Tuch Mikhail Sergachev 50 1 1 3
2 Alex Pietrangelo Mark Stone 50 1 1 3
Penalty Kill 4 Players Forward
Center Wing Time % Phy DF OF
1 Nico Sturm Yanni Gourde 50 1 4 0
2 Andrew Copp Lawson Crouse 50 1 4 0
Penalty Kill 4 Players Defense
Defense Defense Time % Phy DF OF
1 Adam Pelech Colton Parayko 50 1 4 0
2 Jake Sanderson Nick Leddy 50 1 4 0
Penalty Kill - 3 Players Forward
Forward Time % Phy DF OF
1 Nico Sturm 50 0 5 0
2 Andrew Copp 50 0 5 0
Penalty Kill - 3 Players Defense
Defense Defense Time % Phy DF OF
1 Adam Pelech Colton Parayko 50 0 5 0
2 Jake Sanderson Nick Leddy 50 0 5 0
4 vs 4 Forward
Center Wing Time % Phy DF OF
1 Elias Pettersson Tage Thompson 50 0 2 3
2 Robert Thomas Alex Tuch 50 0 2 3
4 vs 4 Defense
Defense Defense Time % Phy DF OF
1 Jake Sanderson Alex Pietrangelo 50 0 3 2
2 Colton Parayko Mikhail Sergachev 50 0 3 2
Last Minutes Offensive
Center Left Wing Right Wing Defense Defense
Robert Thomas Elias Pettersson Tage Thompson Alex Tuch Mikhail Sergachev
Last Minutes Defensive
Center Left Wing Right Wing Defense Defense
Nico Sturm Andrew Copp Yanni Gourde Jake Sanderson Colton Parayko
Goaltenders
Starting : Scott Wedgewood
Backup : Connor Hellebuyck
Extra Forwards
Normal : Nico Sturm, Robert Thomas, Lawson Crouse - PP : Nico Sturm, Robert Thomas - PK : Lawson Crouse
Extra Defensemen
Normal : Nick Leddy, Jake Sanderson, Colton Parayko - PP : Nick Leddy - PK : Jake Sanderson, Colton Parayko
Penalty Shots
Elias Pettersson, Tage Thompson, Alex Tuch, Jack Eichel, Robert Thomas
% Time on Ice - Nashville Predators
Lines # - Real PCT - Wanted PCT - Time Play
Normal Forward
1 - 29% - 30% - 10:45
2 - 28% - 30% - 10:26
3 - 23% - 25% - 8:47
4 - 20% - 15% - 7:35
Normal Defense
1 - 35% - 35% - 13:10
2 - 36% - 35% - 13:37
3 - 29% - 30% - 10:46
4 - 0% - 0% - 0:00
PP Forward
1 - 53% - 50% - 6:24
2 - 47% - 50% - 5:35
PP Defense
1 - 49% - 50% - 5:52
2 - 51% - 50% - 6:07
PK Forward
1 - 55% - 50% - 4:36
2 - 45% - 50% - 3:42
PK Defense
1 - 51% - 50% - 4:15
2 - 49% - 50% - 4:03
PK3 Forward
1 - 43% - 50% - 0:23
2 - 57% - 50% - 0:31
PK3 Defense
1 - 63% - 50% - 0:34
2 - 37% - 50% - 0:20
44 Forward
1 - 50% - 50% - 3:09
2 - 50% - 50% - 3:07
44 Defense
1 - 56% - 50% - 3:29
2 - 44% - 50% - 2:47
Last Minute Offensive - 0:00
Last Minute Defensive - 0:00
Total
Forward - 65:00
Defense - 65:00
|
% Time on Ice - St.Louis Blues
Lines # - Real PCT - Wanted PCT - Time Play
Normal Forward
1 - 34% - 35% - 12:39
2 - 31% - 30% - 11:28
3 - 25% - 25% - 9:12
4 - 11% - 10% - 4:14
Normal Defense
1 - 31% - 35% - 11:41
2 - 31% - 33% - 11:28
3 - 38% - 32% - 14:24
4 - 0% - 0% - 0:00
PP Forward
1 - 51% - 50% - 4:24
2 - 49% - 50% - 4:09
PP Defense
1 - 50% - 50% - 4:14
2 - 50% - 50% - 4:19
PK Forward
1 - 61% - 50% - 7:16
2 - 39% - 50% - 4:43
PK Defense
1 - 51% - 50% - 6:04
2 - 49% - 50% - 5:55
PK3 Forward
1 - 0% - 50%
2 - 0% - 50%
PK3 Defense
1 - 0% - 50%
2 - 0% - 50%
44 Forward
1 - 46% - 50% - 3:11
2 - 54% - 50% - 3:44
44 Defense
1 - 43% - 50% - 2:58
2 - 57% - 50% - 3:57
Last Minute Offensive - 0:00
Last Minute Defensive - 0:00
Total
Forward - 65:00
Defense - 65:00
|
Play-by-Play
1st period
0:01 of 1st period - Elias Pettersson wins face-off versus Thomas Novak in neutral zone.
0:04 of 1st period - Backhand shot by Alex Tuch.
0:04 of 1st period - Shot Blocked by Blake Wheeler.
0:41 of 1st period - Minor Penalty to Mikhail Sergachev for Hooking.
0:42 of 1st period - Nico Sturm wins face-off versus Blake Wheeler in St.Louis Blues zone.
0:47 of 1st period - Alexander Alexeyev is hit by Nico Sturm and loses puck.
0:56 of 1st period - Slapshot by Nico Sturm.
0:56 of 1st period - Shot Misses the Net.
0:58 of 1st period - Wrist shot by Nico Sturm.
0:58 of 1st period - Stopped by Adin Hill without a rebound.
0:59 of 1st period - Thomas Novak wins face-off versus Andrew Copp in Nashville Predators zone.
1:10 of 1st period - Wrist shot by Cale Makar.
1:10 of 1st period - Deflect By Nick Leddy.
1:10 of 1st period - Stopped by Scott Wedgewood with a rebound.
1:23 of 1st period - Icing by Cale Makar.
1:24 of 1st period - Blake Wheeler wins face-off versus Nico Sturm in Nashville Predators zone.
2:41 of 1st period - Penalty to Mikhail Sergachev is over, Mikhail Sergachev is back on ice.
3:06 of 1st period - Snap shot by Elias Pettersson.
3:06 of 1st period - Stopped by Adin Hill with a rebound.
3:08 of 1st period - Snap shot by Alex Tuch.
3:08 of 1st period - Shot Misses the Net.
3:21 of 1st period - Off-side.
3:22 of 1st period - Mark Stone wins face-off versus Michael Carcone in neutral zone.
4:13 of 1st period - Snap shot by Elias Pettersson.
4:13 of 1st period - Stopped by Adin Hill with a rebound.
4:42 of 1st period - Icing by Alexander Alexeyev.
4:43 of 1st period - Ryan Carpenter wins face-off versus Lawson Crouse in Nashville Predators zone.
4:43 of 1st period - Ryan Carpenter is hit by Lawson Crouse.
5:12 of 1st period - Snap shot by Sam Gagner.
5:12 of 1st period - Shot Misses the Net.
6:13 of 1st period - Slapshot by Mikhail Sergachev.
6:13 of 1st period - Stopped by Adin Hill without a rebound.
6:14 of 1st period - Jack Eichel wins face-off versus Thomas Novak in Nashville Predators zone.
6:18 of 1st period - Icing by Kevin Labanc.
6:19 of 1st period - Jack Eichel wins face-off versus Blake Wheeler in Nashville Predators zone.
6:38 of 1st period - Slapshot by Blake Wheeler.
6:38 of 1st period - Shot Blocked by Nick Leddy.
6:46 of 1st period - Snap shot by Blake Wheeler.
6:46 of 1st period - Stopped by Scott Wedgewood with a rebound.
6:48 of 1st period - Snap shot by Cale Makar.
6:48 of 1st period - Shot Blocked by Nick Leddy.
6:48 of 1st period - Nick Leddy from St.Louis Blues is injured at 6:48 of 1st period (Sprained Right Knee).
6:49 of 1st period - Riley Nash wins face-off versus Robert Thomas in St.Louis Blues zone.
6:57 of 1st period - Minor Penalty to Yanni Gourde for Hooking.
6:58 of 1st period - Andrew Copp wins face-off versus Sam Gagner in St.Louis Blues zone.
7:24 of 1st period - Lawson Crouse is hit by Blake Wheeler and loses puck.
7:45 of 1st period - Snap shot by Nico Sturm.
7:45 of 1st period - Shot Blocked by Blake Wheeler.
7:48 of 1st period - Icing by Cale Makar.
7:49 of 1st period - Blake Wheeler wins face-off versus Nico Sturm in Nashville Predators zone.
8:09 of 1st period - Wrist shot by Cale Makar.
8:09 of 1st period - Stopped by Scott Wedgewood without a rebound.
8:10 of 1st period - Nico Sturm wins face-off versus Thomas Novak in St.Louis Blues zone.
8:57 of 1st period - Penalty to Yanni Gourde is over, Yanni Gourde is back on ice.
9:05 of 1st period - Snap shot by Yanni Gourde.
9:05 of 1st period - Stopped by Adin Hill with a rebound.
9:07 of 1st period - Minor Penalty to Patrick Maroon for Hooking.
9:08 of 1st period - Elias Pettersson wins face-off versus Riley Nash in Nashville Predators zone.
9:13 of 1st period - Wrist shot by Tage Thompson.
9:13 of 1st period - Stopped by Adin Hill with a rebound.
9:15 of 1st period - Backhand shot by Nico Sturm.
9:15 of 1st period - Shot Blocked by Cale Makar.
9:17 of 1st period - Snap shot by Alex Tuch.
9:17 of 1st period - Deflect By Tage Thompson.
9:17 of 1st period - Stopped by Adin Hill without a rebound.
9:18 of 1st period - Elias Pettersson wins face-off versus Riley Nash in Nashville Predators zone.
9:40 of 1st period - Slapshot by Tage Thompson.
9:40 of 1st period - Shot Misses the Net.
9:42 of 1st period - Snap shot by Nico Sturm.
9:42 of 1st period - Shot Misses the Net.
9:44 of 1st period - Snap shot by Elias Pettersson.
9:44 of 1st period - Shot Misses the Net.
9:46 of 1st period - Snap shot by Elias Pettersson.
9:46 of 1st period - Shot Misses the Net.
9:48 of 1st period - Wrist shot by Nico Sturm.
9:48 of 1st period - Goal by Nico Sturm - Nashville Predators : 0 - St.Louis Blues : 1.
9:49 of 1st period - Elias Pettersson wins face-off versus Michael Carcone in neutral zone.
10:43 of 1st period - Wrist shot by Nico Sturm.
10:43 of 1st period - Stopped by Adin Hill without a rebound.
10:44 of 1st period - Michael Carcone wins face-off versus Andrew Copp in Nashville Predators zone.
10:57 of 1st period - Backhand shot by Corey Perry.
10:57 of 1st period - Shot Hit the Post.
11:49 of 1st period - Off-side.
11:50 of 1st period - Jack Eichel wins face-off versus Riley Nash in neutral zone.
11:57 of 1st period - Snap shot by Mark Stone.
11:57 of 1st period - Shot Misses the Net.
12:15 of 1st period - Alex Newhook is hit by Alex Tuch and loses puck.
12:25 of 1st period - Minor Penalty to Tage Thompson for Tripping.
12:26 of 1st period - Thomas Novak wins face-off versus Andrew Copp in St.Louis Blues zone.
12:29 of 1st period - Minor Penalty to Ethan Bear for Roughing.
12:30 of 1st period - Blake Wheeler wins face-off versus Elias Pettersson in Nashville Predators zone.
12:40 of 1st period - Snap shot by Elias Pettersson.
12:40 of 1st period - Stopped by Adin Hill with a rebound.
13:20 of 1st period - Slapshot by Nico Sturm.
13:20 of 1st period - Stopped by Adin Hill with a rebound.
13:22 of 1st period - Slapshot by Alex Pietrangelo.
13:22 of 1st period - Shot Blocked by Kevin Labanc.
13:24 of 1st period - Snap shot by Robert Thomas.
13:24 of 1st period - Shot Misses the Net.
13:26 of 1st period - Slapshot by Alex Tuch.
13:26 of 1st period - Shot Blocked by Nate Schmidt.
13:28 of 1st period - Wrist shot by Alex Tuch.
13:28 of 1st period - Stopped by Adin Hill with a rebound.
13:32 of 1st period - Snap shot by Robert Thomas.
13:32 of 1st period - Shot Misses the Net.
13:56 of 1st period - Robert Thomas is hit by Thomas Novak and loses puck.
14:15 of 1st period - Slapshot by Lawson Crouse.
14:15 of 1st period - Stopped by Adin Hill with a rebound.
14:17 of 1st period - Wrist shot by Andrew Copp.
14:17 of 1st period - Stopped by Adin Hill with a rebound.
14:19 of 1st period - Slapshot by Lawson Crouse.
14:19 of 1st period - Shot Blocked by Cale Makar.
14:25 of 1st period - Penalty to Tage Thompson is over, Tage Thompson is back on ice.
14:29 of 1st period - Penalty to Ethan Bear is over, Ethan Bear is back on ice.
14:37 of 1st period - Snap shot by Robert Thomas.
14:37 of 1st period - Stopped by Adin Hill with a rebound.
14:47 of 1st period - Slapshot by Alex Tuch.
14:47 of 1st period - Stopped by Adin Hill with a rebound.
14:49 of 1st period - Wrist shot by Alex Tuch.
14:49 of 1st period - Stopped by Adin Hill without a rebound.
14:50 of 1st period - Riley Nash wins face-off versus Jack Eichel in Nashville Predators zone.
15:03 of 1st period - Wrist shot by Sam Gagner.
15:03 of 1st period - Stopped by Scott Wedgewood without a rebound.
15:04 of 1st period - Thomas Novak wins face-off versus Mark Stone in St.Louis Blues zone.
15:07 of 1st period - Slapshot by Thomas Novak.
15:07 of 1st period - Shot Blocked by Lawson Crouse.
15:09 of 1st period - Snap shot by Justin Braun.
15:09 of 1st period - Shot Blocked by Lawson Crouse.
15:11 of 1st period - Slapshot by Thomas Novak.
15:11 of 1st period - Stopped by Scott Wedgewood without a rebound.
15:12 of 1st period - Jack Eichel wins face-off versus Thomas Novak in St.Louis Blues zone.
15:30 of 1st period - Off-side.
15:31 of 1st period - Michael Carcone wins face-off versus Elias Pettersson in neutral zone.
15:58 of 1st period - Blake Wheeler is hit by Jake Sanderson and loses puck.
16:05 of 1st period - Snap shot by Blake Wheeler.
16:05 of 1st period - Stopped by Scott Wedgewood with a rebound.
16:07 of 1st period - Slapshot by Ethan Bear.
16:07 of 1st period - Shot Misses the Net.
16:23 of 1st period - Wrist shot by Sam Gagner.
16:23 of 1st period - Stopped by Scott Wedgewood without a rebound.
16:24 of 1st period - Jack Eichel wins face-off versus Michael Carcone in St.Louis Blues zone.
17:00 of 1st period - Wrist shot by Jack Eichel.
17:00 of 1st period - Shot Misses the Net.
17:02 of 1st period - Wrist shot by Mark Stone.
17:02 of 1st period - Stopped by Adin Hill with a rebound.
17:04 of 1st period - Backhand shot by Adam Pelech.
17:04 of 1st period - Stopped by Adin Hill with a rebound.
17:18 of 1st period - Justin Braun is hit by Adam Pelech and loses puck.
17:50 of 1st period - Snap shot by Sam Gagner.
17:50 of 1st period - Shot Blocked by Colton Parayko.
18:00 of 1st period - Justin Braun is hit by Colton Parayko and loses puck.
18:15 of 1st period - Snap shot by Riley Nash.
18:15 of 1st period - Stopped by Scott Wedgewood with a rebound.
18:21 of 1st period - Nate Schmidt is hit by Jake Sanderson and loses puck.
18:26 of 1st period - Wrist shot by Jack Eichel.
18:26 of 1st period - Stopped by Adin Hill without a rebound.
18:27 of 1st period - Thomas Novak wins face-off versus Elias Pettersson in Nashville Predators zone.
18:43 of 1st period - Icing by Alex Tuch.
18:44 of 1st period - Elias Pettersson wins face-off versus Michael Carcone in St.Louis Blues zone.
19:09 of 1st period - Rasmus Ristolainen is hit by Yanni Gourde and loses puck.
19:16 of 1st period - Mikhail Sergachev is hit by Cale Makar.
19:32 of 1st period - Snap shot by Nico Sturm.
19:32 of 1st period - Shot Blocked by Brett Leason.
19:36 of 1st period - Wrist shot by Andrew Copp.
19:36 of 1st period - Shot Misses the Net.
Goals for this period are 0 for Nashville Predators vs 1 for St.Louis Blues.
Shots for this period are 8 for Nashville Predators vs 20 for St.Louis Blues.
2nd period
0:01 of 2nd period - Thomas Novak wins face-off versus Alex Tuch in neutral zone.
0:26 of 2nd period - Michael Carcone is hit by Yanni Gourde and loses puck.
0:35 of 2nd period - Wrist shot by Corey Perry.
0:35 of 2nd period - Stopped by Scott Wedgewood without a rebound.
0:36 of 2nd period - Blake Wheeler wins face-off versus Elias Pettersson in St.Louis Blues zone.
0:51 of 2nd period - Thomas Novak is hit by Alex Pietrangelo and loses puck.
1:19 of 2nd period - Snap shot by Kevin Labanc.
1:19 of 2nd period - Stopped by Scott Wedgewood with a rebound.
1:21 of 2nd period - Slapshot by Ethan Bear.
1:21 of 2nd period - Deflect By Kevin Labanc.
1:21 of 2nd period - Shot Blocked by Alex Pietrangelo.
1:21 of 2nd period - Puck is out of play.
1:22 of 2nd period - Michael Carcone wins face-off versus Robert Thomas in St.Louis Blues zone.
1:23 of 2nd period - Slapshot by Cale Makar.
1:23 of 2nd period - Shot Misses the Net.
1:48 of 2nd period - Colton Parayko is hit by Cale Makar.
2:28 of 2nd period - Justin Braun is hit by Yanni Gourde and loses puck.
3:09 of 2nd period - Jake Sanderson is hit by Kevin Labanc and loses puck.
4:20 of 2nd period - Alex Tuch is hit by Zemgus Girgensons.
4:35 of 2nd period - Ethan Bear is hit by Adam Pelech and loses puck.
4:40 of 2nd period - Snap shot by Andrew Copp.
4:40 of 2nd period - Stopped by Adin Hill with a rebound.
5:00 of 2nd period - Corey Perry is hit by Mark Stone and loses puck.
5:53 of 2nd period - Slapshot by Alex Newhook.
5:53 of 2nd period - Shot Misses the Net.
5:55 of 2nd period - Slapshot by Cale Makar.
5:55 of 2nd period - Shot Blocked by Andrew Copp.
5:57 of 2nd period - Slapshot by Rasmus Ristolainen.
5:57 of 2nd period - Deflect By Michael Carcone.
5:57 of 2nd period - Shot Blocked by Nico Sturm.
5:57 of 2nd period - Puck is out of play.
5:58 of 2nd period - Robert Thomas wins face-off versus Thomas Novak in St.Louis Blues zone.
6:32 of 2nd period - Slapshot by Sam Gagner.
6:32 of 2nd period - Stopped by Scott Wedgewood with a rebound.
6:34 of 2nd period - Wrist shot by Rasmus Ristolainen.
6:34 of 2nd period - Stopped by Scott Wedgewood with a rebound.
6:36 of 2nd period - Slapshot by Rasmus Ristolainen.
6:36 of 2nd period - Stopped by Scott Wedgewood with a rebound.
7:11 of 2nd period - Snap shot by Alex Tuch.
7:11 of 2nd period - Stopped by Adin Hill without a rebound.
7:12 of 2nd period - Robert Thomas wins face-off versus Thomas Novak in Nashville Predators zone.
7:27 of 2nd period - Wrist shot by Thomas Novak.
7:27 of 2nd period - Shot Misses the Net.
7:46 of 2nd period - Snap shot by Riley Nash.
7:46 of 2nd period - Stopped by Scott Wedgewood without a rebound.
7:47 of 2nd period - Thomas Novak wins face-off versus Jack Eichel in St.Louis Blues zone.
8:52 of 2nd period - Snap shot by Nico Sturm.
8:52 of 2nd period - Stopped by Adin Hill without a rebound.
8:53 of 2nd period - Sean Kuraly wins face-off versus Ryan Carpenter in Nashville Predators zone.
9:04 of 2nd period - Snap shot by Nico Sturm.
9:04 of 2nd period - Stopped by Adin Hill with a rebound.
9:24 of 2nd period - Snap shot by Elias Pettersson.
9:24 of 2nd period - Shot Misses the Net.
10:26 of 2nd period - Slapshot by Cale Makar.
10:26 of 2nd period - Shot Misses the Net.
11:30 of 2nd period - Wrist shot by Patrick Maroon.
11:30 of 2nd period - Shot Misses the Net.
11:36 of 2nd period - Ryan Carpenter is hit by Evander Kane and loses puck.
11:50 of 2nd period - Minor Penalty to Ethan Bear for High sticking.
11:51 of 2nd period - Elias Pettersson wins face-off versus Ryan Carpenter in Nashville Predators zone.
13:50 of 2nd period - Penalty to Ethan Bear is over, Ethan Bear is back on ice.
14:16 of 2nd period - Wrist shot by Michael Carcone.
14:16 of 2nd period - Shot Misses the Net.
14:18 of 2nd period - Wrist shot by Corey Perry.
14:18 of 2nd period - Goal by Corey Perry - Nashville Predators : 1 - St.Louis Blues : 1.
14:19 of 2nd period - Jack Eichel wins face-off versus Thomas Novak in neutral zone.
14:56 of 2nd period - Slapshot by Nico Sturm.
14:56 of 2nd period - Shot Misses the Net.
14:58 of 2nd period - Backhand shot by Sean Kuraly.
14:58 of 2nd period - Shot Misses the Net.
15:00 of 2nd period - Snap shot by Mikhail Sergachev.
15:00 of 2nd period - Deflect By Nico Sturm.
15:00 of 2nd period - Shot Misses the Net.
15:00 of 2nd period - Puck is out of play.
15:01 of 2nd period - Elias Pettersson wins face-off versus Riley Nash in Nashville Predators zone.
15:31 of 2nd period - Mikhail Sergachev is hit by Corey Perry and loses puck.
15:51 of 2nd period - Minor Penalty to Mark Stone for Roughing.
15:52 of 2nd period - Andrew Copp wins face-off versus Blake Wheeler in St.Louis Blues zone.
16:03 of 2nd period - Slapshot by Cale Makar.
16:03 of 2nd period - Stopped by Scott Wedgewood with a rebound.
16:05 of 2nd period - Slapshot by Rasmus Ristolainen.
16:05 of 2nd period - Stopped by Scott Wedgewood with a rebound.
16:07 of 2nd period - Wrist shot by Kevin Labanc.
16:07 of 2nd period - Shot Blocked by Jake Sanderson.
16:25 of 2nd period - Snap shot by Cale Makar.
16:25 of 2nd period - Deflect By Andrew Copp.
16:25 of 2nd period - Stopped by Scott Wedgewood with a rebound.
16:27 of 2nd period - Wrist shot by Sam Gagner.
16:27 of 2nd period - Shot Misses the Net.
17:51 of 2nd period - Penalty to Mark Stone is over, Mark Stone is back on ice.
17:53 of 2nd period - Alex Pietrangelo is hit by Sam Gagner and loses puck.
18:08 of 2nd period - Wrist shot by Tage Thompson.
18:08 of 2nd period - Shot Blocked by Cale Makar.
18:10 of 2nd period - Slapshot by Jake Sanderson.
18:10 of 2nd period - Shot Blocked by Rasmus Ristolainen.
18:24 of 2nd period - Snap shot by Jack Eichel.
18:24 of 2nd period - Stopped by Adin Hill with a rebound.
18:47 of 2nd period - Ryan Carpenter is hit by Nico Sturm and loses puck.
19:05 of 2nd period - Icing by Patrick Maroon.
19:06 of 2nd period - Jack Eichel wins face-off versus Ryan Carpenter in Nashville Predators zone.
19:35 of 2nd period - Snap shot by Alex Newhook.
19:35 of 2nd period - Shot Misses the Net.
19:53 of 2nd period - Snap shot by Blake Wheeler.
19:53 of 2nd period - Shot Misses the Net.
19:55 of 2nd period - Double Minor Penalty to Yanni Gourde for Slashing.
19:56 of 2nd period - Andrew Copp wins face-off versus Blake Wheeler in St.Louis Blues zone.
Goals for this period are 1 for Nashville Predators vs 0 for St.Louis Blues.
Shots for this period are 10 for Nashville Predators vs 5 for St.Louis Blues.
3rd period
0:01 of 3rd period - Andrew Copp wins face-off versus Thomas Novak in neutral zone.
0:36 of 3rd period - Wrist shot by Blake Wheeler.
0:36 of 3rd period - Shot Misses the Net.
0:52 of 3rd period - Elias Pettersson is hit by Rasmus Ristolainen and loses puck.
1:55 of 3rd period - Robert Thomas is hit by Patrick Maroon and loses puck.
2:10 of 3rd period - Colton Parayko is hit by Brett Leason and loses puck.
2:43 of 3rd period - Sam Gagner is hit by Alex Pietrangelo and loses puck.
3:32 of 3rd period - Icing by Justin Braun.
3:33 of 3rd period - Nico Sturm wins face-off versus Brett Leason in Nashville Predators zone.
3:55 of 3rd period - Penalty to Yanni Gourde is over, Yanni Gourde is back on ice.
4:18 of 3rd period - Rasmus Ristolainen is hit by Adam Pelech and loses puck.
4:31 of 3rd period - Mark Stone is hit by Rasmus Ristolainen and loses puck.
4:46 of 3rd period - Mikhail Sergachev is hit by Ethan Bear and loses puck.
4:58 of 3rd period - Ryan Carpenter is hit by Lawson Crouse and loses puck.
5:03 of 3rd period - Snap shot by Jack Eichel.
5:03 of 3rd period - Stopped by Adin Hill with a rebound.
5:15 of 3rd period - Snap shot by Alex Newhook.
5:15 of 3rd period - Goal by Alex Newhook - Nashville Predators : 2 - St.Louis Blues : 1.
5:16 of 3rd period - Elias Pettersson wins face-off versus Thomas Novak in neutral zone.
5:33 of 3rd period - Wrist shot by Alex Tuch.
5:33 of 3rd period - Shot Misses the Net.
5:50 of 3rd period - Off-side.
5:51 of 3rd period - Nico Sturm wins face-off versus Riley Nash in neutral zone.
5:54 of 3rd period - Snap shot by Nico Sturm.
5:54 of 3rd period - Goal by Nico Sturm - Nashville Predators : 2 - St.Louis Blues : 2.
5:55 of 3rd period - Elias Pettersson wins face-off versus Thomas Novak in neutral zone.
6:10 of 3rd period - Snap shot by Kevin Labanc.
6:10 of 3rd period - Shot Misses the Net.
6:47 of 3rd period - Wrist shot by Lawson Crouse.
6:47 of 3rd period - Shot Misses the Net.
6:49 of 3rd period - Snap shot by Jack Eichel.
6:49 of 3rd period - Stopped by Adin Hill without a rebound.
6:50 of 3rd period - Thomas Novak wins face-off versus Elias Pettersson in Nashville Predators zone.
6:50 of 3rd period - Thomas Novak is hit by Elias Pettersson.
7:16 of 3rd period - Mikhail Sergachev is hit by Riley Nash and loses puck.
7:25 of 3rd period - Slapshot by Colton Parayko.
7:25 of 3rd period - Stopped by Adin Hill without a rebound.
7:26 of 3rd period - Riley Nash wins face-off versus Elias Pettersson in Nashville Predators zone.
7:26 of 3rd period - Riley Nash is hit by Adam Pelech.
7:40 of 3rd period - Snap shot by Alex Tuch.
7:40 of 3rd period - Stopped by Adin Hill without a rebound.
7:41 of 3rd period - Jack Eichel wins face-off versus Thomas Novak in Nashville Predators zone.
7:44 of 3rd period - Snap shot by Jack Eichel.
7:44 of 3rd period - Shot Misses the Net.
7:46 of 3rd period - Wrist shot by Jack Eichel.
7:46 of 3rd period - Shot Blocked by Alexander Alexeyev.
7:48 of 3rd period - Slapshot by Colton Parayko.
7:48 of 3rd period - Stopped by Adin Hill without a rebound.
7:49 of 3rd period - Thomas Novak wins face-off versus Jack Eichel in Nashville Predators zone.
7:51 of 3rd period - Minor Penalty to Blake Wheeler for Holding.
7:52 of 3rd period - Ryan Carpenter wins face-off versus Robert Thomas in Nashville Predators zone.
8:00 of 3rd period - Slapshot by Cale Makar.
8:00 of 3rd period - Deflect By Robert Thomas.
8:00 of 3rd period - Stopped by Scott Wedgewood with a rebound.
9:51 of 3rd period - Penalty to Blake Wheeler is over, Blake Wheeler is back on ice.
10:01 of 3rd period - Minor Penalty to Adam Pelech for Boarding.
10:02 of 3rd period - Andrew Copp wins face-off versus Blake Wheeler in St.Louis Blues zone.
10:28 of 3rd period - Colton Parayko is hit by Sam Gagner and loses puck.
10:35 of 3rd period - Snap shot by Riley Nash.
10:35 of 3rd period - Deflect By Thomas Novak.
10:35 of 3rd period - Shot Misses the Net.
10:35 of 3rd period - Puck is out of play.
10:36 of 3rd period - Riley Nash wins face-off versus Nico Sturm in St.Louis Blues zone.
10:52 of 3rd period - Slapshot by Ethan Bear.
10:52 of 3rd period - Shot Misses the Net.
11:06 of 3rd period - Slapshot by Ethan Bear.
11:06 of 3rd period - Shot Blocked by Jake Sanderson.
11:08 of 3rd period - Slapshot by Cale Makar.
11:08 of 3rd period - Stopped by Scott Wedgewood with a rebound.
11:10 of 3rd period - Snap shot by Corey Perry.
11:10 of 3rd period - Shot Blocked by Andrew Copp.
12:01 of 3rd period - Penalty to Adam Pelech is over, Adam Pelech is back on ice.
12:08 of 3rd period - Wrist shot by Brett Leason.
12:08 of 3rd period - Stopped by Scott Wedgewood with a rebound.
12:10 of 3rd period - Slapshot by Ethan Bear.
12:10 of 3rd period - Shot Blocked by Mikhail Sergachev.
12:12 of 3rd period - Snap shot by Patrick Maroon.
12:12 of 3rd period - Shot Blocked by Mikhail Sergachev.
12:14 of 3rd period - Wrist shot by Brett Leason.
12:14 of 3rd period - Stopped by Scott Wedgewood with a rebound.
12:44 of 3rd period - Justin Braun is hit by Alex Pietrangelo and loses puck.
13:08 of 3rd period - Off-side.
13:09 of 3rd period - Elias Pettersson wins face-off versus Ryan Carpenter in neutral zone.
13:14 of 3rd period - Snap shot by Elias Pettersson.
13:14 of 3rd period - Shot Misses the Net.
13:22 of 3rd period - Snap shot by Cale Makar.
13:22 of 3rd period - Shot Blocked by Colton Parayko.
13:24 of 3rd period - Slapshot by Rasmus Ristolainen.
13:24 of 3rd period - Deflect By Alex Tuch.
13:24 of 3rd period - Stopped by Scott Wedgewood with a rebound.
14:05 of 3rd period - Snap shot by Thomas Novak.
14:05 of 3rd period - Stopped by Scott Wedgewood without a rebound.
14:06 of 3rd period - Michael Carcone wins face-off versus Elias Pettersson in St.Louis Blues zone.
14:21 of 3rd period - Rasmus Ristolainen is hit by Tage Thompson and loses puck.
14:32 of 3rd period - Lawson Crouse is hit by Riley Nash and loses puck.
14:41 of 3rd period - Zemgus Girgensons is hit by Adam Pelech and loses puck.
15:00 of 3rd period - Rasmus Ristolainen is hit by Evander Kane and loses puck.
15:32 of 3rd period - Minor Penalty to Kevin Labanc for Hooking.
15:33 of 3rd period - Robert Thomas wins face-off versus Brett Leason in Nashville Predators zone.
16:03 of 3rd period - Minor Penalty to Riley Nash for Interference.
16:04 of 3rd period - Robert Thomas wins face-off versus Zemgus Girgensons in Nashville Predators zone.
16:18 of 3rd period - Wrist shot by Andrew Copp.
16:18 of 3rd period - Goal by Andrew Copp - Nashville Predators : 2 - St.Louis Blues : 3.
16:19 of 3rd period - Ryan Carpenter wins face-off versus Robert Thomas in neutral zone.
16:46 of 3rd period - Nico Sturm is hit by Cale Makar and loses puck.
18:02 of 3rd period - Alex Newhook is hit by Nico Sturm and loses puck.
18:03 of 3rd period - Penalty to Riley Nash is over, Riley Nash is back on ice.
18:15 of 3rd period - Snap shot by Riley Nash.
18:15 of 3rd period - Goal by Riley Nash - Nashville Predators : 3 - St.Louis Blues : 3.
18:16 of 3rd period - Robert Thomas wins face-off versus Riley Nash in neutral zone.
18:27 of 3rd period - Backhand shot by Ethan Bear.
18:27 of 3rd period - Shot Misses the Net.
18:39 of 3rd period - Minor Penalty to Patrick Maroon for Tripping.
18:40 of 3rd period - Ryan Carpenter wins face-off versus Robert Thomas in Nashville Predators zone.
19:14 of 3rd period - Wrist shot by Ryan Carpenter.
19:14 of 3rd period - Stopped by Scott Wedgewood with a rebound.
Goals for this period are 2 for Nashville Predators vs 2 for St.Louis Blues.
Shots for this period are 9 for Nashville Predators vs 7 for St.Louis Blues.
Overtime #1
0:01 of 1st overtime period - Robert Thomas wins face-off versus Ryan Carpenter in neutral zone.
0:04 of 1st overtime period - Slapshot by Alex Tuch.
0:04 of 1st overtime period - Deflect By Robert Thomas.
0:04 of 1st overtime period - Stopped by Adin Hill without a rebound.
0:05 of 1st overtime period - Robert Thomas wins face-off versus Ryan Carpenter in Nashville Predators zone.
0:18 of 1st overtime period - Riley Nash is hit by Alex Tuch and loses puck.
0:19 of 1st overtime period - Riley Nash from Nashville Predators is injured at 0:19 of 1st overtime period (Left Hip).
0:20 of 1st overtime period - Robert Thomas wins face-off versus Ryan Carpenter in Nashville Predators zone.
0:27 of 1st overtime period - Wrist shot by Alex Tuch.
0:27 of 1st overtime period - Shot Misses the Net.
0:29 of 1st overtime period - Snap shot by Alex Tuch.
0:29 of 1st overtime period - Shot Misses the Net.
0:39 of 1st overtime period - Penalty to Patrick Maroon is over, Patrick Maroon is back on ice.
0:51 of 1st overtime period - Snap shot by Elias Pettersson.
0:51 of 1st overtime period - Shot Blocked by Cale Makar.
1:23 of 1st overtime period - Wrist shot by Blake Wheeler.
1:23 of 1st overtime period - Shot Blocked by Jake Sanderson.
3:12 of 1st overtime period - Off-side.
3:13 of 1st overtime period - Nico Sturm wins face-off versus Brett Leason in neutral zone.
3:44 of 1st overtime period - Kevin Labanc is hit by Elias Pettersson and loses puck.
Goals for this period are 0 for Nashville Predators vs 0 for St.Louis Blues.
Shots for this period are 0 for Nashville Predators vs 1 for St.Louis Blues.
ShootOut
5:00 of 1st overtime period - Round #1.
5:00 of 1st overtime period - Nashville Predators, Blake Wheeler.
5:00 of 1st overtime period - Snap shot by Blake Wheeler.
5:00 of 1st overtime period - Goal by Blake Wheeler.
5:00 of 1st overtime period - St.Louis Blues, Elias Pettersson.
5:00 of 1st overtime period - Snap shot by Elias Pettersson.
5:00 of 1st overtime period - Stopped by Adin Hill.
5:00 of 1st overtime period - Round #2.
5:00 of 1st overtime period - Nashville Predators, Corey Perry.
5:00 of 1st overtime period - Deke by Corey Perry.
5:00 of 1st overtime period - Goal by Corey Perry.
5:00 of 1st overtime period - St.Louis Blues, Tage Thompson.
5:00 of 1st overtime period - Snap shot by Tage Thompson.
5:00 of 1st overtime period - Stopped by Adin Hill.
5:00 of 1st overtime period - Round #3.
Back to the Top